AoeStats
← Franta Kocourek

Arabia

506187689Analyzed
1v1 RM · 21d ago on Sep 12, 2026· 37m 53s· 2 players
Game mode
Random Map
Map size
Tiny (2 player)
Population
200
Speed
Normal
Resources
Standard
Victory
Conquest
Starting age
Dark Age
Ending age
Imperial Age
RankedLock teamsTeams togetherTeam positionsShared explorationLock speedFull tech treeHidden civsTurbo modeCheats
Victory
Defeat
🇦🇷 Mongols · Argentina
853
+15
🇨🇿 Aztecs · Czechia
828
-15
Franta Kocourek
12:07 Feudal Age
10:55 Loom
12:41 Double-Bit Axe
12:55 Gold Mining
17:43 Scale Mail Armor
23:19 Castle Age
23:37 Crossbowman
23:48 Elite Skirmisher
24:32 Squires
25:05 Bow Saw
24:49 Eagle Warrior
28:12 Fletching
28:22 Padded Archer Armor
35:32 Wheelbarrow
38:28 Chain Mail Armor
38:08 Bodkin Arrow
agusvr3051n
3:03 Loom
8:40 Feudal Age
10:18 Horse Collar
10:25 Double-Bit Axe
12:31 Gold Mining
16:30 Wheelbarrow
21:34 Castle Age
24:48 Bow Saw
27:46 Scale Barding Armor
28:19 Bloodlines
27:39 Light Cavalry
35:41 Chain Barding Armor
36:24 Padded Archer Armor
36:14 Fletching
Connection lost

Rejoining the realm…

Still unreachable

The connection could not be restored.

Session expired

The server has moved on; the page needs a fresh start.